%YAML 1.1
%TAG !u! tag:unity3d.com,2011:
--- !u!114 &4543741453462800836
MonoBehaviour:
  m_ObjectHideFlags: 0
  m_CorrespondingSourceObject: {fileID: 0}
  m_PrefabInstance: {fileID: 0}
  m_PrefabAsset: {fileID: 0}
  m_GameObject: {fileID: 318262866323213108}
  m_Enabled: 1
  m_EditorHideFlags: 0
  m_Script: {fileID: 11500000, guid: 48f4093a8eab6da4893e6f133cd8690a, type: 3}
  m_Name: 
  m_EditorClassIdentifier: 
--- !u!114 &1681416132037504962
MonoBehaviour:
  m_ObjectHideFlags: 0
  m_CorrespondingSourceObject: {fileID: 0}
  m_PrefabInstance: {fileID: 0}
  m_PrefabAsset: {fileID: 0}
  m_GameObject: {fileID: 3717329636913915204}
  m_Enabled: 1
  m_EditorHideFlags: 0
  m_Script: {fileID: 11500000, guid: 38d32a2f82ec1de47aedfc84b1a0367c, type: 3}
  m_Name: 
  m_EditorClassIdentifier: 
--- !u!1 &3762822236871182129
GameObject:
  m_ObjectHideFlags: 0
  m_CorrespondingSourceObject: {fileID: 0}
  m_PrefabInstance: {fileID: 0}
  m_PrefabAsset: {fileID: 0}
  serializedVersion: 6
  m_Component:
  - component: {fileID: 3408039847379546557}
  - component: {fileID: 3924311007490093473}
  m_Layer: 0
  m_Name: Poravnavanje
  m_TagString: Untagged
  m_Icon: {fileID: 0}
  m_NavMeshLayer: 0
  m_StaticEditorFlags: 0
  m_IsActive: 1
--- !u!4 &3408039847379546557
Transform:
  m_ObjectHideFlags: 0
  m_CorrespondingSourceObject: {fileID: 0}
  m_PrefabInstance: {fileID: 0}
  m_PrefabAsset: {fileID: 0}
  m_GameObject: {fileID: 3762822236871182129}
  m_LocalRotation: {x: -0, y: -0, z: -0, w: 1}
  m_LocalPosition: {x: 0, y: 0, z: 0}
  m_LocalScale: {x: 1, y: 1, z: 1}
  m_Children:
  - {fileID: 4099112321789516397}
  - {fileID: 3717329636913915205}
  - {fileID: 318262866323213109}
  m_Father: {fileID: 7797557380422125584}
  m_RootOrder: 0
  m_LocalEulerAnglesHint: {x: 0, y: 0, z: 0}
--- !u!156049354 &3924311007490093473
Grid:
  m_ObjectHideFlags: 0
  m_CorrespondingSourceObject: {fileID: 0}
  m_PrefabInstance: {fileID: 0}
  m_PrefabAsset: {fileID: 0}
  m_GameObject: {fileID: 3762822236871182129}
  m_Enabled: 1
  m_CellSize: {x: 0.01, y: 0.01, z: 0.01}
  m_CellGap: {x: 0, y: 0, z: 0}
  m_CellLayout: 0
  m_CellSwizzle: 0
--- !u!1 &7797557380422125585
GameObject:
  m_ObjectHideFlags: 0
  m_CorrespondingSourceObject: {fileID: 0}
  m_PrefabInstance: {fileID: 0}
  m_PrefabAsset: {fileID: 0}
  serializedVersion: 6
  m_Component:
  - component: {fileID: 7797557380422125584}
  m_Layer: 0
  m_Name: RCluster3
  m_TagString: Untagged
  m_Icon: {fileID: 0}
  m_NavMeshLayer: 0
  m_StaticEditorFlags: 0
  m_IsActive: 1
--- !u!4 &7797557380422125584
Transform:
  m_ObjectHideFlags: 0
  m_CorrespondingSourceObject: {fileID: 0}
  m_PrefabInstance: {fileID: 0}
  m_PrefabAsset: {fileID: 0}
  m_GameObject: {fileID: 7797557380422125585}
  m_LocalRotation: {x: 0, y: 0, z: 0, w: 1}
  m_LocalPosition: {x: 0, y: 0, z: 0}
  m_LocalScale: {x: 1, y: 1, z: 1}
  m_Children:
  - {fileID: 3408039847379546557}
  m_Father: {fileID: 0}
  m_RootOrder: 0
  m_LocalEulerAnglesHint: {x: 0, y: 0, z: 0}
--- !u!1001 &1674879213869627924
PrefabInstance:
  m_ObjectHideFlags: 0
  serializedVersion: 2
  m_Modification:
    m_TransformParent: {fileID: 3408039847379546557}
    m_Modifications:
    - target: {fileID: 1393001661345493280, guid: e62321f1590584c41a36f9e554c19831,
        type: 3}
      propertyPath: m_Name
      value: Room L (1)
      objectReference: {fileID: 0}
    - target: {fileID: 1393001661345493281, guid: e62321f1590584c41a36f9e554c19831,
        type: 3}
      propertyPath: m_LocalPosition.x
      value: 4
      objectReference: {fileID: 0}
    - target: {fileID: 1393001661345493281, guid: e62321f1590584c41a36f9e554c19831,
        type: 3}
      propertyPath: m_LocalPosition.y
      value: 0
      objectReference: {fileID: 0}
    - target: {fileID: 1393001661345493281, guid: e62321f1590584c41a36f9e554c19831,
        type: 3}
      propertyPath: m_LocalPosition.z
      value: 0
      objectReference: {fileID: 0}
    - target: {fileID: 1393001661345493281, guid: e62321f1590584c41a36f9e554c19831,
        type: 3}
      propertyPath: m_LocalRotation.x
      value: 0
      objectReference: {fileID: 0}
    - target: {fileID: 1393001661345493281, guid: e62321f1590584c41a36f9e554c19831,
        type: 3}
      propertyPath: m_LocalRotation.y
      value: 0
      objectReference: {fileID: 0}
    - target: {fileID: 1393001661345493281, guid: e62321f1590584c41a36f9e554c19831,
        type: 3}
      propertyPath: m_LocalRotation.z
      value: 0
      objectReference: {fileID: 0}
    - target: {fileID: 1393001661345493281, guid: e62321f1590584c41a36f9e554c19831,
        type: 3}
      propertyPath: m_LocalRotation.w
      value: 1
      objectReference: {fileID: 0}
    - target: {fileID: 1393001661345493281, guid: e62321f1590584c41a36f9e554c19831,
        type: 3}
      propertyPath: m_RootOrder
      value: 2
      objectReference: {fileID: 0}
    - target: {fileID: 1393001661345493281, guid: e62321f1590584c41a36f9e554c19831,
        type: 3}
      propertyPath: m_LocalEulerAnglesHint.x
      value: 0
      objectReference: {fileID: 0}
    - target: {fileID: 1393001661345493281, guid: e62321f1590584c41a36f9e554c19831,
        type: 3}
      propertyPath: m_LocalEulerAnglesHint.y
      value: 0
      objectReference: {fileID: 0}
    - target: {fileID: 1393001661345493281, guid: e62321f1590584c41a36f9e554c19831,
        type: 3}
      propertyPath: m_LocalEulerAnglesHint.z
      value: 0
      objectReference: {fileID: 0}
    - target: {fileID: 168654051577641549, guid: e62321f1590584c41a36f9e554c19831,
        type: 3}
      propertyPath: reachable
      value: 0
      objectReference: {fileID: 0}
    - target: {fileID: 168654051577641549, guid: e62321f1590584c41a36f9e554c19831,
        type: 3}
      propertyPath: alwaysRegular
      value: 1
      objectReference: {fileID: 0}
    - target: {fileID: 168654051577641549, guid: e62321f1590584c41a36f9e554c19831,
        type: 3}
      propertyPath: securityAddon
      value: 
      objectReference: {fileID: 3769432355122968551}
    m_RemovedComponents: []
  m_SourcePrefab: {fileID: 100100000, guid: e62321f1590584c41a36f9e554c19831, type: 3}
--- !u!1 &318262866323213108 stripped
GameObject:
  m_CorrespondingSourceObject: {fileID: 1393001661345493280, guid: e62321f1590584c41a36f9e554c19831,
    type: 3}
  m_PrefabInstance: {fileID: 1674879213869627924}
  m_PrefabAsset: {fileID: 0}
--- !u!4 &318262866323213109 stripped
Transform:
  m_CorrespondingSourceObject: {fileID: 1393001661345493281, guid: e62321f1590584c41a36f9e554c19831,
    type: 3}
  m_PrefabInstance: {fileID: 1674879213869627924}
  m_PrefabAsset: {fileID: 0}
--- !u!1 &3769432355122968551 stripped
GameObject:
  m_CorrespondingSourceObject: {fileID: 2554080866570964467, guid: e62321f1590584c41a36f9e554c19831,
    type: 3}
  m_PrefabInstance: {fileID: 1674879213869627924}
  m_PrefabAsset: {fileID: 0}
--- !u!1001 &2058869841359264404
PrefabInstance:
  m_ObjectHideFlags: 0
  serializedVersion: 2
  m_Modification:
    m_TransformParent: {fileID: 3408039847379546557}
    m_Modifications:
    - target: {fileID: 2625717081278709991, guid: 8abdde931c053eb4090664baa3fdfc7c,
        type: 3}
      propertyPath: m_Name
      value: WeakWallSpawnPoint
      objectReference: {fileID: 0}
    - target: {fileID: 2625717081278710009, guid: 8abdde931c053eb4090664baa3fdfc7c,
        type: 3}
      propertyPath: m_LocalPosition.x
      value: 2
      objectReference: {fileID: 0}
    - target: {fileID: 2625717081278710009, guid: 8abdde931c053eb4090664baa3fdfc7c,
        type: 3}
      propertyPath: m_LocalPosition.y
      value: 0.37
      objectReference: {fileID: 0}
    - target: {fileID: 2625717081278710009, guid: 8abdde931c053eb4090664baa3fdfc7c,
        type: 3}
      propertyPath: m_LocalPosition.z
      value: 0
      objectReference: {fileID: 0}
    - target: {fileID: 2625717081278710009, guid: 8abdde931c053eb4090664baa3fdfc7c,
        type: 3}
      propertyPath: m_LocalRotation.x
      value: 0
      objectReference: {fileID: 0}
    - target: {fileID: 2625717081278710009, guid: 8abdde931c053eb4090664baa3fdfc7c,
        type: 3}
      propertyPath: m_LocalRotation.y
      value: 0
      objectReference: {fileID: 0}
    - target: {fileID: 2625717081278710009, guid: 8abdde931c053eb4090664baa3fdfc7c,
        type: 3}
      propertyPath: m_LocalRotation.z
      value: 0
      objectReference: {fileID: 0}
    - target: {fileID: 2625717081278710009, guid: 8abdde931c053eb4090664baa3fdfc7c,
        type: 3}
      propertyPath: m_LocalRotation.w
      value: 1
      objectReference: {fileID: 0}
    - target: {fileID: 2625717081278710009, guid: 8abdde931c053eb4090664baa3fdfc7c,
        type: 3}
      propertyPath: m_RootOrder
      value: 0
      objectReference: {fileID: 0}
    - target: {fileID: 2625717081278710009, guid: 8abdde931c053eb4090664baa3fdfc7c,
        type: 3}
      propertyPath: m_LocalEulerAnglesHint.x
      value: 0
      objectReference: {fileID: 0}
    - target: {fileID: 2625717081278710009, guid: 8abdde931c053eb4090664baa3fdfc7c,
        type: 3}
      propertyPath: m_LocalEulerAnglesHint.y
      value: 0
      objectReference: {fileID: 0}
    - target: {fileID: 2625717081278710009, guid: 8abdde931c053eb4090664baa3fdfc7c,
        type: 3}
      propertyPath: m_LocalEulerAnglesHint.z
      value: 0
      objectReference: {fileID: 0}
    - target: {fileID: 2625717081278710008, guid: 8abdde931c053eb4090664baa3fdfc7c,
        type: 3}
      propertyPath: dir
      value: 2
      objectReference: {fileID: 0}
    m_RemovedComponents: []
  m_SourcePrefab: {fileID: 100100000, guid: 8abdde931c053eb4090664baa3fdfc7c, type: 3}
--- !u!4 &4099112321789516397 stripped
Transform:
  m_CorrespondingSourceObject: {fileID: 2625717081278710009, guid: 8abdde931c053eb4090664baa3fdfc7c,
    type: 3}
  m_PrefabInstance: {fileID: 2058869841359264404}
  m_PrefabAsset: {fileID: 0}
--- !u!1001 &2360576961737118820
PrefabInstance:
  m_ObjectHideFlags: 0
  serializedVersion: 2
  m_Modification:
    m_TransformParent: {fileID: 3408039847379546557}
    m_Modifications:
    - target: {fileID: 1393001661345493280, guid: 93a225da7f551d242869ecdc4a83ca17,
        type: 3}
      propertyPath: m_Name
      value: Room LR (1)
      objectReference: {fileID: 0}
    - target: {fileID: 1393001661345493281, guid: 93a225da7f551d242869ecdc4a83ca17,
        type: 3}
      propertyPath: m_LocalPosition.x
      value: 0
      objectReference: {fileID: 0}
    - target: {fileID: 1393001661345493281, guid: 93a225da7f551d242869ecdc4a83ca17,
        type: 3}
      propertyPath: m_LocalPosition.y
      value: 0
      objectReference: {fileID: 0}
    - target: {fileID: 1393001661345493281, guid: 93a225da7f551d242869ecdc4a83ca17,
        type: 3}
      propertyPath: m_LocalPosition.z
      value: 0
      objectReference: {fileID: 0}
    - target: {fileID: 1393001661345493281, guid: 93a225da7f551d242869ecdc4a83ca17,
        type: 3}
      propertyPath: m_LocalRotation.x
      value: 0
      objectReference: {fileID: 0}
    - target: {fileID: 1393001661345493281, guid: 93a225da7f551d242869ecdc4a83ca17,
        type: 3}
      propertyPath: m_LocalRotation.y
      value: 0
      objectReference: {fileID: 0}
    - target: {fileID: 1393001661345493281, guid: 93a225da7f551d242869ecdc4a83ca17,
        type: 3}
      propertyPath: m_LocalRotation.z
      value: 0
      objectReference: {fileID: 0}
    - target: {fileID: 1393001661345493281, guid: 93a225da7f551d242869ecdc4a83ca17,
        type: 3}
      propertyPath: m_LocalRotation.w
      value: 1
      objectReference: {fileID: 0}
    - target: {fileID: 1393001661345493281, guid: 93a225da7f551d242869ecdc4a83ca17,
        type: 3}
      propertyPath: m_RootOrder
      value: 1
      objectReference: {fileID: 0}
    - target: {fileID: 1393001661345493281, guid: 93a225da7f551d242869ecdc4a83ca17,
        type: 3}
      propertyPath: m_LocalEulerAnglesHint.x
      value: 0
      objectReference: {fileID: 0}
    - target: {fileID: 1393001661345493281, guid: 93a225da7f551d242869ecdc4a83ca17,
        type: 3}
      propertyPath: m_LocalEulerAnglesHint.y
      value: 0
      objectReference: {fileID: 0}
    - target: {fileID: 1393001661345493281, guid: 93a225da7f551d242869ecdc4a83ca17,
        type: 3}
      propertyPath: m_LocalEulerAnglesHint.z
      value: 0
      objectReference: {fileID: 0}
    - target: {fileID: 168654051577641549, guid: 93a225da7f551d242869ecdc4a83ca17,
        type: 3}
      propertyPath: reachable
      value: 0
      objectReference: {fileID: 0}
    - target: {fileID: 168654051577641549, guid: 93a225da7f551d242869ecdc4a83ca17,
        type: 3}
      propertyPath: alwaysRegular
      value: 1
      objectReference: {fileID: 0}
    - target: {fileID: 168654051577641549, guid: 93a225da7f551d242869ecdc4a83ca17,
        type: 3}
      propertyPath: securityAddon
      value: 
      objectReference: {fileID: 266731872235182487}
    - target: {fileID: 79257473478991533, guid: 93a225da7f551d242869ecdc4a83ca17,
        type: 3}
      propertyPath: securityAddon
      value: 
      objectReference: {fileID: 5252533382387986867}
    m_RemovedComponents: []
  m_SourcePrefab: {fileID: 100100000, guid: 93a225da7f551d242869ecdc4a83ca17, type: 3}
--- !u!1 &3717329636913915204 stripped
GameObject:
  m_CorrespondingSourceObject: {fileID: 1393001661345493280, guid: 93a225da7f551d242869ecdc4a83ca17,
    type: 3}
  m_PrefabInstance: {fileID: 2360576961737118820}
  m_PrefabAsset: {fileID: 0}
--- !u!4 &3717329636913915205 stripped
Transform:
  m_CorrespondingSourceObject: {fileID: 1393001661345493281, guid: 93a225da7f551d242869ecdc4a83ca17,
    type: 3}
  m_PrefabInstance: {fileID: 2360576961737118820}
  m_PrefabAsset: {fileID: 0}
--- !u!1 &266731872235182487 stripped
GameObject:
  m_CorrespondingSourceObject: {fileID: 2554080866570964467, guid: 93a225da7f551d242869ecdc4a83ca17,
    type: 3}
  m_PrefabInstance: {fileID: 2360576961737118820}
  m_PrefabAsset: {fileID: 0}
--- !u!1 &5252533382387986867 stripped
GameObject:
  m_CorrespondingSourceObject: {fileID: 7504909533929678295, guid: 93a225da7f551d242869ecdc4a83ca17,
    type: 3}
  m_PrefabInstance: {fileID: 2360576961737118820}
  m_PrefabAsset: {fileID: 0}
--- !u!1001 &4136748271281910004
PrefabInstance:
  m_ObjectHideFlags: 0
  serializedVersion: 2
  m_Modification:
    m_TransformParent: {fileID: 3717329636913915205}
    m_Modifications:
    - target: {fileID: 3345791331310210541, guid: ade07b99e5bffac48ad00d520f67c0fd,
        type: 3}
      propertyPath: m_Name
      value: KeySpawn
      objectReference: {fileID: 0}
    - target: {fileID: 5057191478908044712, guid: ade07b99e5bffac48ad00d520f67c0fd,
        type: 3}
      propertyPath: m_LocalPosition.x
      value: 0.33
      objectReference: {fileID: 0}
    - target: {fileID: 5057191478908044712, guid: ade07b99e5bffac48ad00d520f67c0fd,
        type: 3}
      propertyPath: m_LocalPosition.y
      value: 0.31
      objectReference: {fileID: 0}
    - target: {fileID: 5057191478908044712, guid: ade07b99e5bffac48ad00d520f67c0fd,
        type: 3}
      propertyPath: m_LocalPosition.z
      value: 0
      objectReference: {fileID: 0}
    - target: {fileID: 5057191478908044712, guid: ade07b99e5bffac48ad00d520f67c0fd,
        type: 3}
      propertyPath: m_LocalRotation.x
      value: 0
      objectReference: {fileID: 0}
    - target: {fileID: 5057191478908044712, guid: ade07b99e5bffac48ad00d520f67c0fd,
        type: 3}
      propertyPath: m_LocalRotation.y
      value: 0
      objectReference: {fileID: 0}
    - target: {fileID: 5057191478908044712, guid: ade07b99e5bffac48ad00d520f67c0fd,
        type: 3}
      propertyPath: m_LocalRotation.z
      value: 0
      objectReference: {fileID: 0}
    - target: {fileID: 5057191478908044712, guid: ade07b99e5bffac48ad00d520f67c0fd,
        type: 3}
      propertyPath: m_LocalRotation.w
      value: 1
      objectReference: {fileID: 0}
    - target: {fileID: 5057191478908044712, guid: ade07b99e5bffac48ad00d520f67c0fd,
        type: 3}
      propertyPath: m_RootOrder
      value: 1
      objectReference: {fileID: 0}
    - target: {fileID: 5057191478908044712, guid: ade07b99e5bffac48ad00d520f67c0fd,
        type: 3}
      propertyPath: m_LocalEulerAnglesHint.x
      value: 0
      objectReference: {fileID: 0}
    - target: {fileID: 5057191478908044712, guid: ade07b99e5bffac48ad00d520f67c0fd,
        type: 3}
      propertyPath: m_LocalEulerAnglesHint.y
      value: 0
      objectReference: {fileID: 0}
    - target: {fileID: 5057191478908044712, guid: ade07b99e5bffac48ad00d520f67c0fd,
        type: 3}
      propertyPath: m_LocalEulerAnglesHint.z
      value: 0
      objectReference: {fileID: 0}
    m_RemovedComponents: []
  m_SourcePrefab: {fileID: 100100000, guid: ade07b99e5bffac48ad00d520f67c0fd, type: 3}
